 Dungeon Crawl Stone Soup version 0.30-a0-824-g6c64550be9 (webtiles) character file.

Game seed: 15924588158653399037

3425091 iguanaiguana the Genius of the Arcane (level 27, 190/190 HPs)
             Began as a Deep Elf Summoner on Feb 25, 2023.
             Was the Champion of Sif Muna.
             Escaped with the Orb
             ... and 5 runes on Feb 28, 2023!
             The game lasted 06:49:16 (63131 turns).

iguanaiguana the Genius of the Arcane (DESu)       Turns: 63131, Time: 06:49:16

Health: 190/190    AC: 25    Str:  8    XL:     27
Magic:  49/49      EV: 20    Int: 45    God:    Sif Muna [******]
Gold:   4527       SH: 14    Dex: 14    Spells: 7/66 levels left

rFire   + + +      SeeInvis +    a - staff of death
rCold   + + +      Faith    .    z - +2 shield of Resistance {rF++ rC++ Will++}
rNeg    + + .      Spirit   .    I - +4 troll leather armour {Snorg}
rPois   +          Reflect  .    Y - +0 hat of Whack-A-Mole {rF+ rC+ Regen+ Str+4}
rElec   +          Harm     .    E - +4 dragonskin cloak
rCorr   .          Rampage  +    u - +1 pair of gloves of Satisfaction {Contam rC+ Regen+ Stlth+}
Will    ++++.      Rage     9%   Q - +3 pair of boots of Contentment {Rampage rN+ Stlth-}
Stlth   +                        D - amulet of magic regeneration
HPRegen 2.91/turn                n - ring "Ulaaniso" {rElec Int+6}
MPRegen 0.71/turn                v - ring of the Sufficient God {rPois AC+4 SInv}

@: studying Short Blades
A: berserk 2, clever 1, robust 1
0: Orb of Zot
}: 5/15 runes: serpentine, barnacled, slimy, silver, abyssal
a: Renounce Religion, Channel Magic, Forget Spell, Divine Exegesis


You escaped.
You worshipped Sif Muna.
Sif Muna was exalted by your worship.
You visited 11 branches of the dungeon, and saw 54 of its levels.
You visited the Abyss 5 times.
You also visited: Ice Cave.

You collected 8717 gold pieces.
You spent 4190 gold pieces at shops.

Inventory:

Hand Weapons
 b - the +8 lance "Wyrmbane" {slay drac, rPois rF+ rC+ AC+3}
   (You took it off a vault warden on level 5 of the Vaults)

   AC:        It affects your AC (+3).
   rF:        It protects you from fire.
   rC:        It protects you from cold.
   rPois:     It protects you from poison.
Missiles
 k - 11 curare-tipped darts
 s - 12 silver javelins
 W - 4 throwing nets
Armour
 u - the +1 pair of gloves of Satisfaction (worn) {Contam rC+ Regen+ Stlth+}
   (You found it on level 9 of the Dungeon)

   rC:        It protects you from cold.
   Contam:    It causes magical contamination when unequipped.
   Regen:     It increases your rate of health regeneration.
   Stlth:     It makes you more stealthy.
 z - the +2 shield of Resistance (worn) {rF++ rC++ Will++}
   (You found it on level 3 of the Crypt)

   rF:        It greatly protects you from fire.
   rC:        It greatly protects you from cold.
   Will:      It greatly increases your willpower.
 E - the +4 dragonskin cloak (worn)
   (You took it off Tiamat on level 4 of the Realm of Zot)

   Avatar's Aegis: It grants the wearer a chance to resist fire, cold, poison,
   electricity, acid, and negative energy.
 I - a +4 troll leather armour (worn) {Snorg}
 Q - the +3 pair of boots of Contentment (worn) {Rampage rN+ Stlth-}
   (You found it on level 9 of the Dungeon)

   rN:        It protects you from negative energy.
   Rampage:   It bestows one free step when moving towards enemies.
   Stlth:     It makes you less stealthy.
 Y - the +0 hat of Whack-A-Mole (worn) {rF+ rC+ Regen+ Str+4}
   (You found it on level 3 of the Vaults)

   Str:       It affects your strength (+4).
   rF:        It protects you from fire.
   rC:        It protects you from cold.
   Regen:     It increases your rate of health regeneration.
Magical Staves
 a - a staff of death (weapon)
Jewellery
 n - the ring "Ulaaniso" (left hand) {rElec Int+6}
   (You took it off a vault sentinel on level 5 of the Vaults)

   [ring of intelligence]

   Int:       It affects your intelligence (+6).
   rElec:     It insulates you from electricity.
 v - the ring of the Sufficient God (right hand) {rPois AC+4 SInv}
   (You bought it in a shop on level 2 of the Shoals)

   [ring of protection]

   AC:        It affects your AC (+4).
   rPois:     It protects you from poison.
   SInv:      It lets you see invisible.
 C - a ring of protection from fire
 D - an amulet of magic regeneration (around neck)
 F - a ring of see invisible
 X - a ring of resist corrosion
Wands
 B - a wand of paralysis (60)
 R - a wand of acid (23) {@v1}
 T - a wand of digging (7) {@v3}
 V - a wand of iceblast (51) {@v2}
Scrolls
 f - 10 scrolls of poison
 j - 24 scrolls of teleportation {@r3}
 l - 7 scrolls of fog
 r - 3 scrolls of amnesia
 w - 7 scrolls of blinking {@r4}
 x - 8 scrolls of fear
 y - 3 scrolls of butterflies
 A - 3 scrolls of magic mapping {@r5}
 G - 4 scrolls of silence
 K - 9 scrolls of immolation
 N - 7 scrolls of vulnerability
 O - 6 scrolls of torment
Potions
 c - 5 potions of invisibility
 d - 6 potions of lignification
 i - 9 potions of haste {@q4}
 m - 3 potions of resistance {@q5}
 p - 8 potions of attraction
 q - 8 potions of cancellation
 t - 5 potions of flight
 H - 7 potions of heal wounds {@q2}
 J - 6 potions of ambrosia
 L - 11 potions of curing {@q1}
 M - 9 potions of brilliance
 S - 10 potions of mutation
 Z - 11 potions of magic
Miscellaneous
 e - a tin of tremorstones (2/2)
 g - a phantom mirror
 h - a box of beasts
 o - a condenser vane
 P - a lightning rod (4/4)
 U - a phial of floods


   Skills:
 - Level 18.0 Fighting
 - Level 6.4 Armour
 - Level 20.0 Dodging
 - Level 8.0 Stealth
 + Level 13.1 Shields
 - Level 20.4 Spellcasting
 - Level 4.0 Hexes
 - Level 26.0 Summonings
 - Level 11.0 Necromancy
 - Level 11.0 Translocations
 - Level 6.0 Air Magic
 - Level 7.0 Earth Magic
 - Level 26.1 Invocations
 - Level 4.0 Evocations


You had 7 spell levels left.
You knew the following spells:

 Your Spells              Type           Power      Damage    Failure   Level
a - Dragon's Call         Summ           68%        N/A       2%          9
b - Haunt                 Necr/Summ      72%        N/A       1%          7
c - Malign Gateway        Summ/Tloc      59%        N/A       1%          7
d - Summon Forest         Summ/Tloc      59%        N/A       0%          5
e - Summon Horrible Thin  Summ           68%        N/A       1%          8
f - Summon Mana Viper     Hex/Summ       100%       N/A       1%          5
g - Borgnjor's Vile Clut  Necr/Erth      56%        N/A       1%          5
h - Swiftness             Air            79%        N/A       1%          3
i - Dispersal             Tloc           49%        N/A       1%          6
x - Blink                 Tloc           100%       N/A       1%          2
z - Sublimation of Blood  Necr           100%       N/A       1%          2

Your spell library contained the following spells:

 Spells                   Type           Power      Damage    Failure   Level
 Apportation              Tloc           100%       N/A       0%          1
 Necrotise                Necr           100%       1d9       0%          1
 Summon Small Mammal      Summ           100%       N/A       0%          1
 Call Imp                 Summ           100%       N/A       0%          2
 Call Canine Familiar     Summ           100%       N/A       0%          3
 Summon Guardian Golem    Hex/Summ       100%       N/A       0%          3
 Animate Armour           Summ/Erth      100%       N/A       0%          4
 Summon Lightning Spire   Summ/Air       100%       N/A       0%          4
 Summon Cactus Giant      Summ           68%        N/A       0%          6
 Beastly Appendage        Tmut           92%        N/A       1%          1
 Foxfire                  Conj/Fire      100%       2x1d9     1%          1
 Freeze                   Ice            100%       1d10      1%          1
 Kiss of Death            Conj/Necr      100%       2d13      1%          1
 Magic Dart               Conj           100%       1d8       1%          1
 Sandblast                Erth           100%       2d20      1%          1
 Shock                    Conj/Air       100%       1d9       1%          1
 Slow                     Hex            100%       N/A       1%          1
 Sting                    Tmut/Pois      100%       1d8       1%          1
 Cigotuvi's Dreadful Rot  Necr/Pois/Air  100%       N/A       1%          2
 Ensorcelled Hibernation  Hex/Ice        100%       N/A       1%          2
 Lesser Beckoning         Tloc           100%       N/A       1%          2
 Momentum Strike          Conj/Tloc      100%       3d10      1%          2
 Passwall                 Tmut/Erth      55%        N/A       1%          2
 Poisonous Vapours        Pois/Air       100%       N/A       1%          2
 Scorch                   Fire           92%        2d9       1%          2
 Searing Ray              Conj           92%        2d7       1%          2
 Static Discharge         Conj/Air       100%       2-7/arc   1%          2
 Wereblood                Tmut           46%        N/A       1%          2
 Confusing Touch          Hex            70%        N/A       1%          3
 Dazzling Flash           Conj/Hex       100%       N/A       1%          3
 Gell's Gravitas          Tloc           98%        N/A       1%          3
 Inner Flame              Hex/Fire       59%        N/A       1%          3
 Kindle Blastsparks       Fire/Tloc/Air  100%       2d18      1%          3
 Mephitic Cloud           Conj/Pois/Air  59%        N/A       1%          3
 Portal Projectile        Hex/Tloc       100%       N/A       1%          3
 Stone Arrow              Conj/Erth      100%       3d13      1%          3
 Teleport Other           Tloc           98%        N/A       1%          3
 Tukima's Dance           Hex            70%        N/A       1%          3
 Vampiric Draining        Necr           100%       2d13      1%          3
 Vhi's Electric Charge    Tloc/Air       100%       N/A       1%          3
 Airstrike                Air            39%        2d(6-22)  1%          4
 Anguish                  Hex/Necr       53%        N/A       1%          4
 Animate Dead             Necr           100%       N/A       1%          4
 Dispel Undead            Necr           100%       3d31      1%          4
 Iskenderun's Mystic Bla  Conj/Tloc      77%        2d15      1%          4
 Leda's Liquefaction      Hex/Erth       38%        N/A       1%          4
 Manifold Assault         Tloc           98%        N/A       1%          4
 Passage of Golubria      Tloc           98%        N/A       1%          4
 Summon Ice Beast         Ice/Summ       100%       N/A       1%          4
 Agony                    Necr           100%       N/A       1%          5
 Lee's Rapid Deconstruct  Erth           41%        3d20*     1%          5
 Death Channel            Necr           60%        N/A       1%          6
 Monstrous Menagerie      Summ           68%        N/A       1%          7
 Summon Hydra             Summ           68%        N/A       1%          7
 Cause Fear               Hex            35%        N/A       2%          4
 Petrify                  Tmut/Erth      67%        N/A       2%          4
 Frozen Ramparts          Ice            92%        1d14      3%          3
 Hailstorm                Conj/Ice       46%        3d11      3%          3
 Ignite Poison            Fire/Tmut/Pois 46%        N/A       3%          3
 Spider Form              Tmut/Pois      46%        N/A       3%          3
 Fulminant Prism          Conj/Hex       29%        3d14      4%          4
 Silence                  Hex/Air        37%        N/A       4%          5
 Spellforged Servitor     Conj/Summ      52%        N/A       4%          7
 Arcjolt                  Conj/Air       32%        1d42      9%          5
 Lightning Bolt           Conj/Air       32%        1d49      9%          5
 Flame Wave               Conj/Fire      46%        2d12      11%         4
 Ice Form                 Ice/Tmut       46%        N/A       11%         4
 Olgreb's Toxic Radiance  Pois           46%        N/A       11%         4
 Sticky Flame             Conj/Fire      46%        2d6       11%         4
 Freezing Cloud           Conj/Ice/Air   29%        6-21      14%         5
 Metabolic Englaciation   Hex/Ice        29%        N/A       14%         5
 Yara's Violent Unravell  Hex/Tmut       29%        3d12      14%         5
 Simulacrum               Ice/Necr       48%        N/A       19%         6
 Alistair's Intoxication  Tmut/Pois      30%        N/A       30%         5
 Blade Hands              Tmut           23%        N/A       30%         5
 Fireball                 Conj/Fire      23%        3d11      30%         5
 Irradiate                Conj/Tmut      23%        3d19      30%         5
 Iskenderun's Battlesphe  Conj           46%        2d10      30%         5
 Iron Shot                Conj/Erth      33%        9d7       38%         6
 Statue Form              Tmut/Erth      44%        N/A       38%         6
 Conjure Ball Lightning   Conj/Air       32%        3x3d10    45%         6
 Eringya's Noxious Bog    Tmut/Pois      23%        N/A       86%         6
 Starburst                Conj/Fire      23%        6d8       86%         6
 Enfeeble                 Hex            35%        N/A       88%         7
 Storm Form               Tmut/Air       32%        N/A       95%         7
 Orb of Destruction       Conj           23%        9d8       100%        7
 Ozocubu's Refrigeration  Ice            23%        4d12      100%        7
 Borgnjor's Revivificati  Necr           60%        N/A       63%         8
 Disjunction              Tloc           49%        N/A       63%         8
 Infestation              Necr           60%        N/A       63%         8
 Maxwell's Capacitive Co  Air            39%        ∞         99%         8
 Discord                  Hex            35%        N/A       100%        8
 Ignition                 Fire           23%        3d8       100%        8
 Lehudib's Crystal Spear  Conj/Erth      33%        10d9      100%        8
 Necromutation            Tmut/Necr      48%        N/A       100%        8
 Chain Lightning          Conj/Air       32%        3d42      100%        9
 Death's Door             Necr           60%        N/A       100%        9
 Fire Storm               Conj/Fire      23%        8d6       100%        9
 Polar Vortex             Ice            23%        N/A       100%        9
 Shatter                  Erth           41%        3d32*     100%        9


Dungeon Overview and Level Annotations

Branches:
Dungeon (15/15)            Temple (0/1) D:6            Lair (5/5) D:10
 Shoals (4/4) Lair:2        Snake (4/4) Lair:2        Slime (5/5) Lair:4
    Orc (2/2) D:9             Elf (2/3) Orc:2        Vaults (5/5) D:14
  Crypt (3/3) Vaults:3       Tomb (0/3) Crypt:3      Depths (4/4) D:15
    Zot (5/5) Depths:4      IceCv (visited)

Altars:
Ashenzari
Cheibriados
Elyvilon
Fedhas
Gozag
Hepliaklqana
Kikubaaqudgha
Nemelex Xobeh
Qazlal
Ru
Sif Muna
Trog
Vehumet
Wu Jian
Xom
Yredelemnul
Zin
Jiyva
Lugonu

Shops:
D:7 *   D:14 [   Orc:2 [[[!   Elf:1 [   Shoals:2 =   Shoals:3 (:?!(
Snake:3 *(==:   Vaults:1 *=   Vaults:2 :   Vaults:4 =   Depths:3 !   Depths:4 *

Portals:
Hell: Depths:1 Depths:2 Depths:3 Depths:4
Abyss: Depths:3
Pandemonium: Depths:2
Ziggurat: Depths:2

Annotations:
D:3 2 exclusions, Ijyb
D:8 2 transporters
D:11 exclusion: downstairs
D:15 exclusion: fire elemental
Lair:2 2 transporters, exclusion: downstairs, bmack86's ghost, journeyman MiFi
Slime:5 1 exclusion
Depths:3 2 transporters


Innate Abilities, Weirdness & Mutations

You have an uncontrollable temper.
Your mind is acute. (Int +4, Str/Dex -1)
You are robust. (+10% HP)


Message History

Your quicksilver dragon claws the Orb Guardian!
A dragon arrives to answer your call!
Your quicksilver dragon bites the Orb Guardian!
Your quicksilver dragon claws the Orb Guardian!
Your storm dragon bites the Orb Guardian!
The Orb Guardian dies!
You swap places.
You swap places.
There is a stone staircase leading up here.
You can't go down here!
Unknown command.
Casting: Borgnjor's Vile Clutch (mildly dangerous; 1% risk of failure)
Confirm with . or Enter, or press ? or * to list all spells.
You feel a surge of power!
You draw magical energy from your own body!
Magic restored.
You climb upwards.
Your summoned allies are left behind.
There is a stone staircase leading down here.
HP restored.
There is a stone staircase leading up here.
You climb upwards.
Level annotation: 2 exclusions, Ijyb The roar of the dragon horde subsides.
There is a stone staircase leading down here.
Unknown command.
Unknown command.
Aiming: Dig
Press: ? - help, Shift-Dir - straight line A rock wall.
This square is covered in magical glow.
The rock shatters into small pieces.
There is a stone staircase leading up here.
You climb upwards.
There is a stone staircase leading down here.
You can once more reach out to the dragon horde.
There is an escape hatch in the ceiling here.
A mysterious force pulls you upwards. The hatch slams shut behind you.
You see here a +0 robe.
There is a staircase leading out of the dungeon here.
You have escaped!

#.# #.#########.# #.###
##.###.#.........# #.#
.#.##....#######.# #.#
...#.....#######.###### #.#
.........##...........# #.#
##.###.####.#########.#####.#####
...# #.# #...........##.........
##.# #.# #........[.....########
...# #.# #.....@.....#### ####
#.# #...........# #.#
#...........# #.# ##.#########.#
###.###............#
#.........########.# #.#.####.##
####.# ### # #.#.## #.# #....#
##.### #....###.######.####
##.#.##


There were no monsters in sight!

Vanquished Creatures
  A dread lich (Vaults:5)
  Boris (Vaults:2)
  A Killer Klown (Zot:2)
  A curse toe (Zot:1)
  Vashnia (Snake:2)
  2 golden dragons
  2 pandemonium lords (D:13)
  A bone dragon (Abyss:5)
  3 tentacled monstrosities
  2 Orb Guardians (Zot:5)
  A walking earthen tome (Depths:2)
  A lich (Depths:2)
  2 titans (Vaults:5)
  2 quicksilver dragons (Zot:2)
  3 tentacled starspawn
  A death cob (Zot:4)
  An Executioner (D:6)
  3 ancient champions (Crypt:3)
  A draconian monk (Zot:5)
  A tengu reaver (Vaults:3)
  A storm dragon (Zot:2)
  4 shadow dragons
  6 azure jellies (Slime:5)
  4 frost giants
  2 draconian knights
  2 draconian scorchers
  A fire giant (Depths:1)
  4 vault wardens
  2 ghost moths
  A juggernaut zombie (Crypt:1)
  A curse skull (Crypt:2)
  3 ghouls
  2 ironbound preservers
  A war gargoyle (Vaults:3)
  4 quicksilver oozes (Slime:5)
  2 vampire knights
  6 stone giants
  5 very ugly things
  2 green draconians
  4 red draconians
  2 purple draconians
  A spark wasp (Depths:2)
  2 black draconians
  2 white draconians (Zot:4)
  4 jiangshi
  An ettin (Depths:3)
  A deep elf death mage (Crypt:1)
  A crystal guardian (Vaults:2)
  2 yaktaur captains
  2 great orbs of eyes
  A merfolk impaler (Depths:4)
  3 vault guards (Vaults:5)
  2 deep elf high priests
  A peacekeeper (Vaults:3)
  2 ironbound frosthearts
  5 centaur warriors
  3 deep troll shamans
  5 dancing weapons
  2 deep troll earth magi
  2 vampire magi (Crypt:1)
  A large abomination (Abyss:4)
  2 soul eaters
  3 deep elf knights (Elf:2)
  A death drake (shapeshifter) (Elf:2)
  6 skeletal warriors
  A ghost moth zombie (Crypt:1)
  15 deep trolls
  A glowing orange brain (Vaults:3)
  A deep elf archer (Orc:1)
  3 wizards
  A spriggan simulacrum (Crypt:2)
  2 necromancers (Crypt:1)
  2 bog bodies
  A wolf spider zombie (Crypt:2)
  A bunyip skeleton (Crypt:1)
  4 lindwurms
  3 ironbound convokers
  7 deep elf pyromancers
  An ugly thing (D:15)
  An iron giant skeleton (Crypt:1)
  4 deep elf zephyrmancers (Elf:2)
  A worldbinder (Abyss:3)
  A titan simulacrum (Crypt:3)
  5 moths of wrath
  An orange demon (Abyss:3)
  A naga mage (Vaults:3)
  An apocalypse crab (Abyss:5)
  A dire elephant skeleton (Crypt:3)
  A tengu conjurer (Depths:2)
  6 yaktaurs
  An anaconda simulacrum (Crypt:2)
  A green draconian skeleton (Crypt:1)
  A red devil (Elf:2)
  2 trolls (Orc:1)
  A silent spectre (Abyss:5)
  A fire dragon zombie (Crypt:1)
  A stone giant simulacrum (Crypt:2)
  2 flying skulls (Abyss:3)
  A wraith (Crypt:2)
  2 ettin skeletons
  A water elemental (Depths:4)
  A fire bat (Abyss:3)
  2 naga simulacra
  3 nameless horrors
  A ynoxinul (Abyss:5)
  A chaos spawn (Abyss:3)
  A hydra simulacrum (Crypt:2)
  A floating eye (Abyss:5)
  4 orc warriors
  An ettin simulacrum (Crypt:2)
  An ogre (D:10)
  A centaur (D:9)
  A wolf (Vaults:2)
  A kobold brigand (D:9)
  A komodo dragon zombie (Crypt:2)
  3 killer bees (D:9)
  An electric eel (Lair:1)
  A spriggan skeleton (Crypt:1)
  A quasit (D:13)
  3 orc priests
  2 starcursed masses (Abyss:3)
  An iron imp (Abyss:3)
  Natasha (D:3)
  2 orc wizards
  A scorpion zombie (Crypt:1)
  An adder (D:4)
  3 orcs
  A bat zombie (Crypt:2)
  An endoplasm (Lair:4)
  A giant cockroach (D:1)
  A training dummy (Snake:3)
  A bat (D:3)
  A goblin zombie (Crypt:3)
  A kobold (D:3)
272 creatures vanquished.

Vanquished Creatures (collateral kills)
  the Royal Jelly (Slime:5)
  2 dread liches (Zot:5)
  Tiamat (Zot:4)
  6 orbs of fire
  2 ancient liches
  A pandemonium lord (D:15)
  Boris (twice) (Vaults:3 Vaults:5)
  6 Killer Klowns
  Saint Roka (Vaults:3)
  A curse toe (Zot:3)
  4 caustic shrikes
  13 golden dragons
  Jory (Depths:4)
  A profane servitor (Crypt:3)
  4 bone dragons
  2 electric golems (Zot:5)
  Zenata (Vaults:2)
  11 tentacled monstrosities
  11 liches
  25 Orb Guardians
  4 titans
  19 acid blobs
  2 walking divine tomes (Depths:2)
  A walking frostbound tome (Depths:2)
  9 quicksilver dragons
  Mlioglotl (Snake:2)
  2 tentacled starspawn (Abyss:3)
  7 sphinxes
  6 ancient champions
  4 krakens
  9 death cobs
  Roxanne (D:15)
  10 storm dragons
  An eldritch tentacle (Zot:5)
  Kirke (D:12)
  5 nagarajas (Snake:4)
  11 shadow dragons
  2 daevas (Depths:2)
  5 azure jellies
  5 tengu reavers
  3 iron dragons
  2 revenants
  7 draconian monks
  3 draconian knights
  5 fire giants
  3 deep elf sorcerers
  11 rockslimes
  7 frost giants
  13 ghouls
  6 draconian scorchers
  A demonspawn warmonger (D:13)
  A curse skull (Vaults:3)
  A balrug (Depths:1)
  10 vault wardens
  3 ghost moths
  2 angels (Depths:2)
  The ghost of hikkokomori the Fighter, a journeyman GrEE of Vehumet (Elf:1)
  3 draconian shifters (Zot:3)
  2 orc warlords
  14 ironbound preservers
  13 quicksilver oozes
  A reaper (D:13)
  4 war gargoyles
  17 very ugly things
  The ghost of hikkokomori the Fighter, a journeyman GrFi of Cheibriados (Orc:2)
  11 stone giants
  2 draconian stormcallers
  6 ironbound thunderhulks
  6 draconian annihilators
  7 green draconians
  5 vampire knights
  8 black draconians
  Nessos (D:15)
  5 deep elf demonologists
  15 white draconians
  8 spark wasps
  4 dire elephants
  22 yellow draconians
  A lorocyproca (Depths:2)
  A green death (Abyss:3)
  5 purple draconians
  14 red draconians
  A crystal guardian (Vaults:2)
  Snorg (Orc:2)
  5 deep elf death magi
  6 jiangshi
  5 eidola
  7 merfolk impalers
  14 ettins
  3 merfolk javelineers (Shoals:4)
  4 deep elf high priests
  6 fire dragons
  2 mummy priests (Crypt:3)
  13 yaktaur captains
  A spriggan zombie (Crypt:3)
  5 hydras
  28 vault guards
  2 salamander tyrants
  7 great orbs of eyes
  2 fenstrider witch zombies
  3 spriggan air magi
  2 ice dragons
  4 ogre magi (Vaults:5)
  2 peacekeepers (Vaults:2)
  4 rakshasas
  4 death knights
  12 anacondas
  16 centaur warriors
  A fenstrider witch skeleton (Abyss:3)
  2 juggernaut simulacra (Crypt:2)
  A satyr (Shoals:4)
  6 ironbound frosthearts
  A merfolk avatar (Shoals:2)
  5 merfolk aquamancers
  5 two-headed ogres
  An alligator snapping turtle (Shoals:4)
  15 naga warriors
  4 boulder beetles
  2 hell hogs (Depths:1)
  6 deep troll shamans
  3 tengu warriors
  9 thrashing horrors
  9 deep troll earth magi
  18 dancing weapons
  5 orc high priests
  8 vampire magi
  4 spriggan berserkers
  2 shock serpents
  20 naga sharpshooters
  8 hell knights
  5 soul eaters
  6 skysharks
  Amaemon (Lair:3)
  9 deep elf knights
  A spriggan (Depths:4)
  2 sun demons
  A sixfirhy (D:13)
  6 shadow wraiths
  A salamander mystic (Snake:4)
  3 wretched stars
  Sonja (Orc:2)
  The ghost of Darius099 the Cleaver, a novice MiFi (D:7)
  A spark wasp zombie (Crypt:2)
  19 skeletal warriors
  5 iron trolls
  9 sea snakes
  A spatial maelstrom (Abyss:5)
  Lodul (D:11)
  52 deep trolls
  3 glowing orange brains
  7 flayed ghosts
  4 bog bodies
  An iron giant skeleton (Abyss:3)
  4 naga ritualists
  86 slime creatures
  A wizard (Vaults:3)
  An orange crystal statue (IceCv)
  A swamp dragon (shapeshifter) (D:9)
  A spriggan simulacrum (Crypt:2)
  2 tengu zombies
  16 ironbound convokers
  15 harpies
  25 deep elf pyromancers
  7 deep elf archers (Elf:1)
  7 lindwurms
  32 ugly things
  11 phantasmal warriors
  A frost giant zombie (Vaults:4)
  11 deep elf zephyrmancers
  2 necromancers
  9 orc knights
  5 mana vipers
  4 fauns
  7 orc sorcerers
  A shadow dragon skeleton (Crypt:3)
  12 manticores
  22 moths of wrath
  A shining eye (Slime:5)
  8 cyclopes
  3 elephants (Lair:2)
  17 salamanders
  A rust devil (Depths:2)
  A worldbinder (Abyss:5)
  21 black mambas
  11 merfolk sirens
  5 guardian serpents
  16 vault sentinels
  A titan simulacrum (Crypt:2)
  10 water nymphs
  A torpor snail (Lair:3)
  2 centaur skeletons
  4 molten gargoyles (D:10)
  A gargoyle (D:13)
  2 orange demons
  13 naga magi
  A yellow draconian zombie (Crypt:2)
  An apocalypse crab (Abyss:3)
  2 smoke demons
  An eye of devastation (Slime:5)
  A hellion (D:13)
  An unseen horror (D:9)
  12 yaktaurs
  9 cane toads
  3 kobold demonologists
  3 efreet
  27 freezing wraiths
  4 komodo dragons
  4 tengu conjurers
  16 rime drakes
  An ice devil (Abyss:3)
  An ancient zyme (Abyss:3)
  2 iron troll skeletons
  4 red devils
  3 guardian mummies (Crypt:3)
  2 harpy zombies (Crypt:1)
  19 polar bears
  6 trolls
  A polar bear (shapeshifter) (Depths:4)
  A hornet (Depths:4)
  26 merfolk
  13 dream sheep
  7 wind drakes
  A culicivora zombie (Crypt:1)
  7 large abominations
  A harpy skeleton (Abyss:3)
  13 snapping turtles
  A blink frog (shapeshifter) (Vaults:5)
  2 stone giant simulacra (Crypt:2)
  2 centaur simulacra
  A radroach zombie (Crypt:2)
  A slime creature (shapeshifter) (Vaults:5)
  13 flying skulls
  4 shadows
  2 wyverns
  A dire elephant simulacrum (Crypt:2)
  11 water elementals
  6 vampires
  An ettin skeleton (Abyss:5)
  5 basilisks
  17 wraiths
  2 ynoxinuls (Abyss:3)
  A tyrant leech zombie (Crypt:3)
  9 humans (D:14)
  38 yaks
  2 ushabtiu (Crypt:3)
  10 starcursed masses
  2 fire bats (Abyss:3)
  26 golden eyes
  4 hogs (D:12)
  3 neqoxecs
  6 vampire mosquitoes
  5 chaos spawn (Abyss:3)
  Eustachio (D:6)
  A yaktaur simulacrum (Vaults:4)
  4 harpy simulacra (Crypt:2)
  4 spatial vortices (Abyss:5)
  3 small abominations
  7 wargs
  36 nagas
  5 hell hounds
  5 water moccasins
  A glowing shapeshifter skeleton (Crypt:2)
  2 ice beasts
  29 orc warriors
  A fire dragon simulacrum (Crypt:2)
  2 sky beasts
  2 ettin simulacra (Crypt:2)
  15 ogres
  An elephant zombie (Crypt:3)
  14 centaurs
  A blink frog skeleton (Crypt:3)
  A torpor snail zombie (Crypt:2)
  5 wolves (Orc:2)
  A human skeleton (Vaults:4)
  2 kobold brigands
  4 nameless horrors
  9 bullfrogs
  7 necrophages
  A naga simulacrum (Crypt:2)
  An earth elemental (Elf:1)
  2 gnoll sergeants
  2 scorpions
  An elf skeleton (Crypt:1)
  8 wights
  A raiju zombie (Crypt:1)
  11 killer bees
  A swamp dragon simulacrum (Crypt:2)
  2 howler monkeys
  2 lava snakes (Lair:2)
  6 hounds
  5 jellies
  13 orc priests
  A gnoll bouda (D:9)
  Natasha (D:3)
  22 orc wizards
  2 ogre zombies
  Robin (D:4)
  20 gnolls
  10 adders
  2 ufetubi
  3 worms
  A dart slug (D:5)
  77 orcs
  3 bats
  A bat skeleton (Crypt:3)
  12 endoplasms
  A giant cockroach (D:1)
  14 goblins
  7 hobgoblins
  5 jackals
  13 kobolds
  2 quokkas
  8 ball pythons
  2 frilled lizards
  A goblin zombie (Crypt:3)
  A hobgoblin zombie (Crypt:3)
  A rat (D:1)
  A rat skeleton (Crypt:3)
  4 starspawn tentacles
  7 tentacles
2101 creatures vanquished.

Vanquished Creatures (others)
  50 eldritch tentacles
  A draconian knight (Zot:4)
  An iron dragon (Vaults:5)
  A vault warden (Vaults:4)
  A green draconian (Zot:4)
  A glowing orange brain (Slime:5)
  A wyvern (D:8)
  2 humans (D:14)
  2 yaks (D:9)
  2 golden eyes
  A chaos spawn (D:15)
  2 water moccasins (D:8)
  2 orc warriors
  A wight (D:7)
  A killer bee (D:8)
  2 orc wizards
  Natasha (D:3)
  Terence (D:3)
  A gnoll (D:7)
  43 fungi
  54 plants
  11 snaplasher vines
  5 starspawn tentacles
  18 tentacles
  6 toadstools (D:2)
  3 withered plants (Crypt:3)
214 creatures vanquished.

Grand Total: 2587 creatures vanquished

Notes
Turn   | Place    | Note
-------+----------+-------------------------------------------
     0 | D:1      | iguanaiguana the Deep Elf Summoner began the quest for the
                  | Orb.
     0 | D:1      | Reached XP level 1. HP: 10/10 MP: 6/6
   732 | D:1      | Found a faded altar of an unknown god.
   740 | D:1      | Prayed at the altar of an unknown god.
   740 | D:1      | Became a worshipper of Sif Muna the Loreminder
   740 | D:1      | Reached * piety under Sif Muna
   776 | D:1      | Reached XP level 2. HP: 15/15 MP: 5/8
   825 | D:1      | Learned a level 2 spell: Call Imp
  1144 | D:2      | Identified the +0 ring mail of the Onion {Dex+5}
  1335 | D:2      | Reached skill level 5 in Stealth
  1335 | D:2      | Reached XP level 3. HP: 19/19 MP: 7/9
  1339 | D:2      | Learned a level 3 spell: Call Canine Familiar
  1345 | D:2      | Reached skill level 5 in Summonings
  1345 | D:2      | Reached XP level 4. HP: 24/24 MP: 2/10
  1424 | D:2      | Reached ** piety under Sif Muna
  1696 | D:2      | Reached XP level 5. HP: 28/28 MP: 6/11
  1755 | D:2      | Learned a level 3 spell: Summon Guardian Golem
  2114 | D:3      | Reached skill level 1 in Hexes
  2180 | D:3      | Noticed Ijyb
  2546 | D:3      | Noticed Terence
  2563 | D:3      | Killed Terence
  2633 | D:3      | Reached skill level 1 in Air Magic
  3102 | D:3      | Noticed Natasha
  3225 | D:3      | Killed Natasha
  3226 | D:3      | Reached XP level 6. HP: 32/32 MP: 7/14
  3347 | D:3      | Learned a level 4 spell: Summon Lightning Spire
  3646 | D:3      | Noticed Natasha
  3669 | D:3      | Killed Natasha
  3918 | D:3      | Noticed Natasha
  3925 | D:3      | Killed Natasha
  4106 | D:4      | Killed Robin
  4284 | D:4      | Reached *** piety under Sif Muna
  4459 | D:4      | Reached XP level 7. HP: 36/36 MP: 10/15
  4760 | D:4      | Reached skill level 5 in Air Magic
  5318 | D:5      | Entered Level 5 of the Dungeon
  6085 | D:5      | Reached XP level 8. HP: 30/41 MP: 11/16
  6634 | D:6      | Found a staircase to the Ecumenical Temple.
  6653 | D:6      | Reached skill level 1 in Fighting
  6739 | D:6      | Noticed Eustachio
  6750 | D:6      | Killed Eustachio
  6750 | D:6      | Reached **** piety under Sif Muna
  6888 | D:6      | Found a sparkling altar of Nemelex Xobeh.
  7285 | D:6      | Found a stormy altar of Qazlal.
  7286 | D:6      | Found a white marble altar of Elyvilon.
  7291 | D:6      | Found an ancient bone altar of Kikubaaqudgha.
  7292 | D:6      | Found an opulent altar of Gozag.
  7292 | D:6      | Found a glowing silver altar of Zin.
  7293 | D:6      | Found a hazy altar of Hepliaklqana.
  7294 | D:6      | Found a shimmering altar of Xom.
  7295 | D:6      | Found a basalt altar of Yredelemnul.
  7296 | D:6      | Found a blossoming altar of Fedhas.
  7297 | D:6      | Found an ornate altar of the Wu Jian Council.
  7348 | D:6      | Found a sacrificial altar of Ru.
  7399 | D:7      | Reached skill level 5 in Spellcasting
  7488 | D:7      | Found Myefocich's Assorted Antiques.
  7491 | D:7      | Bought a scroll labelled VELEOTRIMM for 23 gold pieces
  7491 | D:7      | Bought a sapphire potion for 20 gold pieces
  7491 | D:7      | Bought a scroll labelled LIPTILL AHIWEL for 23 gold pieces
  7491 | D:7      | Bought a viscous ruby potion for 20 gold pieces
  7491 | D:7      | Bought a dyed leather armour for 115 gold pieces
  7638 | D:7      | Noticed Darius099's ghost (novice MiFi)
  7641 | D:7      | Found a runed translucent door.
  7829 | D:7      | Found a broken altar of Ashenzari.
  8132 | D:7      | Reached XP level 9. HP: 48/48 MP: 15/20
  8365 | D:7      | Reached skill level 10 in Summonings
  8454 | D:7      | Reached skill level 1 in Invocations
  9410 | D:8      | Found a transporter.
  9707 | D:8      | Found a transporter.
 10180 | D:9      | Noticed a troll
 10187 | D:9      | Killed a troll
 10188 | D:9      | Reached skill level 5 in Dodging
 10316 | D:9      | Found a transporter.
 10318 | D:9      | Noticed a tengu warrior
 10498 | D:9      | Found a staircase to the Orcish Mines.
 10532 | D:9      | Reached XP level 10. HP: 56/56 MP: 12/21
 10795 | D:9      | Noticed a manticore
 10798 | D:9      | Noticed an orb spider
 10805 | D:9      | Noticed a cyclops
 11197 | D:9      | Reached skill level 5 in Fighting
 11268 | D:9      | Reached skill level 5 in Invocations
 11594 | D:9      | Reached ***** piety under Sif Muna
 11642 | D:9      | Identified the +3 pair of boots of Contentment {Rampage rN+
                  | Stlth-}
 11755 | D:10     | Entered Level 10 of the Dungeon
 11844 | D:10     | You fall into a shaft and drop 2 floors!
 11889 | D:12     | Noticed a cyclops
 11897 | D:11     | Noticed a two-headed ogre
 11908 | D:12     | Received a gift from Sif Muna
 11909 | D:12     | Got Sif Muna's Textbook on the Band and Vapour {god gift}
 11914 | D:12     | Learned a level 3 spell: Swiftness
 12001 | D:12     | Noticed a cyclops
 12007 | D:12     | Noticed a boulder beetle
 12100 | D:11     | Noticed a boulder beetle
 12100 | D:11     | Noticed a cyclops
 12176 | D:10     | Noticed a two-headed ogre
 12180 | D:10     | Killed a two-headed ogre
 12181 | D:10     | Reached XP level 11. HP: 67/67 MP: 17/22
 12887 | D:10     | Found a staircase to the Lair.
 13229 | D:10     | Identified the +0 pair of boots "Jeweun" {Harm rPois Dex+2
                  | Slay+2}
 13546 | Lair:1   | Entered Level 1 of the Lair of Beasts
 13547 | Lair:1   | Upgraded the game from 0.30-a0-802-gb92711bcdf to
                  | 0.30-a0-808-g6e0788376e
 13665 | Lair:1   | Identified a scroll of acquirement
 13666 | Lair:1   | Acquired the +0 pair of gloves of the Flute {Will+ rCorr
                  | Int+3}
 13737 | Lair:1   | Reached skill level 1 in Armour
 14613 | Lair:2   | Reached skill level 10 in Invocations
 14613 | Lair:2   | Reached skill level 1 in Evocations
 14989 | D:7      | Killed Darius099's ghost
 15165 | Lair:2   | Reached XP level 12. HP: 73/73 MP: 13/23
 15441 | Lair:2   | Found a staircase to the Snake Pit.
 15475 | Lair:2   | Learned a level 7 spell: Monstrous Menagerie
 15479 | Lair:2   | Noticed a seven-headed hydra
 15503 | Lair:2   | Killed a seven-headed hydra
 15512 | Lair:2   | Found a transporter.
 15520 | Lair:2   | Found a transporter.
 15564 | Lair:2   | Noticed bmack86's ghost (journeyman MiFi)
 15604 | Lair:2   | Found a bloodstained altar of Trog.
 15963 | Lair:2   | Received a gift from Sif Muna
 15964 | Lair:2   | Got Sif Muna's Incunable of Summoning {god gift}
 16072 | Lair:2   | Learned a level 6 spell: Summon Cactus Giant
 16120 | Lair:2   | Found a staircase to the Shoals.
 17165 | Lair:3   | Noticed Amaemon
 17172 | Lair:3   | Killed Amaemon
 17928 | Lair:4   | Found a runed translucent door.
 17929 | Lair:4   | Found a viscous altar of Jiyva.
 17931 | Lair:4   | Found a staircase to the Slime Pits.
 18126 | Lair:5   | Entered Level 5 of the Lair of Beasts
 18139 | Lair:5   | Reached XP level 13. HP: 78/78 MP: 15/24
 18323 | D:11     | Reached skill level 15 in Summonings
 18506 | D:11     | Noticed Lodul
 18509 | D:11     | Killed Lodul
 18632 | D:11     | Learned a level 7 spell: Summon Hydra
 19135 | D:12     | Received a gift from Sif Muna
 19136 | D:12     | Got Sif Muna's Directory of Fascination and Nonlocality
                  | {god gift}
 19160 | D:12     | Noticed Kirke
 19171 | D:12     | Noticed a sphinx
 19172 | D:12     | Killed Kirke
 19916 | Orc:1    | Entered Level 1 of the Orcish Mines
 20109 | Orc:1    | Noticed an orc warlord
 20120 | Orc:1    | Killed an orc warlord
 20545 | Orc:2    | Entered Level 2 of the Orcish Mines
 20586 | Orc:2    | Noticed Sonja
 20591 | Orc:2    | Killed Sonja
 20619 | Orc:2    | Found a staircase to the Elven Halls.
 20844 | Orc:2    | Reached XP level 14. HP: 86/86 MP: 10/29
 21005 | Orc:2    | Noticed Snorg
 21008 | Orc:2    | Killed Snorg
 21304 | Orc:2    | Found a runed translucent door.
 21305 | Orc:2    | Noticed hikkokomori's ghost (journeyman GrFi)
 21327 | Orc:2    | Killed hikkokomori's ghost
 21669 | Orc:2    | Received a gift from Sif Muna
 21821 | Orc:2    | Found Uzost's Distillery.
 21821 | Orc:2    | Found Ziuvuh's Antique Armour Emporium.
 21823 | Orc:2    | Found Nufecaje's Armour Shop.
 21823 | Orc:2    | Found Ypiyrope's Antique Armour Emporium.
 21837 | Orc:2    | Bought a glowing buckler for 210 gold pieces
 21845 | Orc:2    | Bought a potion of haste for 120 gold pieces
 21845 | Orc:2    | Bought a potion of heal wounds for 60 gold pieces
 21845 | Orc:2    | Bought a potion of magic for 96 gold pieces
 21845 | Orc:2    | Bought a potion of magic for 96 gold pieces
 21845 | Orc:2    | Bought a potion of cancellation for 96 gold pieces
 22428 | D:13     | Reached skill level 5 in Armour
 22428 | D:13     | Reached skill level 1 in Shields
 23264 | D:14     | Found Awenyguy's Antique Armour Emporium.
 23682 | D:14     | Reached skill level 5 in Shields
 23692 | D:14     | Found a gate to the Vaults.
 23921 | D:15     | Entered Level 15 of the Dungeon
 23949 | D:15     | Noticed Nessos
 23965 | D:15     | Killed Nessos
 24060 | D:15     | Noticed Roxanne
 24246 | D:15     | Found a staircase to the Depths.
 24330 | D:15     | Found a snail-covered altar of Cheibriados.
 24594 | D:15     | Reached XP level 15. HP: 92/92 MP: 10/30
 24614 | D:15     | Reached skill level 10 in Dodging
 25471 | D:15     | Learned a level 2 spell: Sublimation of Blood
 25837 | Snake:1  | Entered Level 1 of the Snake Pit
 25874 | Snake:1  | Found a frozen archway.
 25889 | IceCv    | Entered an ice cave
 26137 | IceCv    | Received a gift from Sif Muna
 26138 | IceCv    | Got Wiompo Yvve's Folio of Different Allies {god gift}
 26705 | IceCv    | Noticed a frost giant
 26705 | IceCv    | Noticed a frost giant
 26931 | IceCv    | Reached skill level 10 in Spellcasting
 27177 | IceCv    | Killed a frost giant
 27286 | IceCv    | Reached skill level 1 in Translocations
 27313 | IceCv    | Identified the +0 great sword "Fyak" {pain, rF++ rN+ Int+4
                  | Stlth-}
 27406 | IceCv    | Killed a frost giant
 27771 | Snake:1  | Learned a level 5 spell: Summon Forest
 27776 | Snake:1  | Reached skill level 1 in Necromancy
 28331 | Snake:2  | Noticed Mlioglotl
 28336 | Snake:2  | Killed Mlioglotl
 28724 | Snake:2  | Reached skill level 10 in Fighting
 28730 | Snake:2  | Learned a level 5 spell: Summon Mana Viper
 28760 | Snake:2  | Noticed Vashnia
 28837 | Snake:3  | Found Ytsaisal's Book Emporium.
 28837 | Snake:3  | Found Eporap's Jewellery Shop.
 28838 | Snake:3  | Found Fukkunt's Jewellery Shop.
 28848 | Snake:3  | Bought an amulet of magic regeneration for 420 gold pieces
 28859 | Snake:3  | Bought a +5 ring of evasion for 504 gold pieces
 29024 | Snake:3  | Received a gift from Sif Muna
 29025 | Snake:3  | Got Xavoreun's Cyclopedia of Fulgurant Lithomancy {god
                  | gift}
 29081 | Snake:3  | Reached XP level 16. HP: 97/97 MP: 22/34
 29415 | Snake:3  | Found Lareackoy's Firing Range.
 29424 | Snake:3  | Bought a throwing net for 57 gold pieces
 29425 | Snake:3  | Acquired 747 gold pieces
 29463 | Snake:3  | Found Qaci's Assorted Antiques.
 29606 | Snake:4  | Entered Level 4 of the Snake Pit
 30178 | Snake:4  | Received a gift from Sif Muna
 30179 | Snake:4  | Got Sif Muna's Parchment of Command and Anemomancy {god
                  | gift}
 30688 | Snake:4  | Reached skill level 15 in Dodging
 30748 | Snake:4  | Got a serpentine rune of Zot
 31066 | Snake:3  | Bought a scroll of amnesia for 132 gold pieces
 31179 | Snake:2  | Killed Vashnia
 31180 | Snake:2  | Reached XP level 17. HP: 105/106 MP: 26/35
 31359 | Snake:2  | Learned a level 8 spell: Summon Horrible Things
 31450 | Shoals:1 | Entered Level 1 of the Shoals
 31849 | Shoals:1 | Noticed a kraken
 31859 | Shoals:1 | Killed a kraken
 32511 | Shoals:2 | Noticed a kraken
 32520 | Shoals:2 | Killed a kraken
 32522 | Shoals:2 | Received a gift from Sif Muna
 32523 | Shoals:2 | Got Sif Muna's Parchment of Helpful Mortification {god
                  | gift}
 32852 | Shoals:2 | Found Plog's Jewellery Shop.
 32885 | Shoals:2 | Bought the ring of the Sufficient God {rPois AC+4 SInv} for
                  | 616 gold pieces
 32885 | Shoals:2 | Bought a +6 ring of intelligence for 432 gold pieces
 33109 | Shoals:2 | Noticed a kraken
 33124 | Shoals:2 | Killed a kraken
 33341 | Shoals:2 | Learned a level 2 spell: Blink
 33742 | Shoals:3 | Found Abog's Weapon Shop.
 33755 | Shoals:3 | Identified the +3 broad axe of Prescription {antimagic,
                  | Dex+3 SInv Stlth+}
 33833 | Shoals:3 | Found Ontodeq's Distillery.
 33928 | Shoals:3 | Found Hofob's Magic Scroll Shoppe.
 33936 | Shoals:3 | Bought a scroll of fog for 68 gold pieces
 33937 | Shoals:3 | Found Seschimui's Antique Weapon Shop.
 33965 | Shoals:3 | Found Fiuch's Book Shoppe.
 34091 | Shoals:4 | Entered Level 4 of the Shoals
 34135 | Shoals:3 | Reached XP level 18. HP: 112/112 MP: 37/37
 34757 | Shoals:4 | Identified the amulet of Vakec {Reflect rPois rC++ Dex-4
                  | SH+5 SInv}
 35110 | Shoals:4 | Received a gift from Sif Muna
 35111 | Shoals:4 | Got Sif Muna's Exposition on Resurrection {god gift}
 35155 | Shoals:4 | Reached skill level 1 in Earth Magic
 35333 | Shoals:4 | Got a barnacled rune of Zot
 35567 | Shoals:4 | Identified the +1 short sword "Ukyrij" {heavy, *Rage Str+2
                  | Int+3}
 35859 | Elf:1    | Entered Level 1 of the Elven Halls
 35867 | Elf:1    | Learned a level 5 spell: Borgnjor's Vile Clutch
 35882 | Elf:1    | Reached XP level 19. HP: 113/116 MP: 21/39
 36135 | Elf:1    | Found Pyisuzal's Armour Shoppe.
 36151 | Elf:1    | Reached skill level 5 in Necromancy
 36383 | Elf:1    | Found a runed translucent door.
 36384 | Elf:1    | Noticed hikkokomori's ghost (journeyman GrEE)
 36418 | Elf:1    | Reached skill level 5 in Earth Magic
 37533 | Elf:1    | Killed hikkokomori's ghost
 38083 | Elf:2    | Received a gift from Sif Muna
 38184 | Elf:2    | Found a runed translucent gate.
 38185 | Elf:2    | Found a runed translucent gate.
 38185 | Elf:2    | Found a runed translucent gate.
 39352 | Vaults:1 | Entered Level 1 of the Vaults
 39375 | Vaults:1 | Found Pipun's Jewellery Shoppe.
 39497 | Vaults:1 | Reached skill level 5 in Translocations
 39652 | Vaults:1 | Learned a level 7 spell: Haunt
 39859 | Vaults:1 | Received a gift from Sif Muna
 39860 | Vaults:1 | Got Sif Muna's Quarto of the Conjured Quake {god gift}
 40169 | Vaults:1 | Reached skill level 10 in Necromancy
 40318 | Vaults:1 | Found Vecho's Assorted Antiques.
 40324 | Vaults:1 | Bought a runed helmet for 172 gold pieces
 40489 | Vaults:1 | Reached XP level 20. HP: 118/122 MP: 13/40
 40603 | Vaults:1 | Learned a level 7 spell: Malign Gateway
 40845 | Vaults:1 | Reached skill level 10 in Translocations
 40971 | Vaults:1 | Found the +5 glaive of the Guard {elec, spectral, AC+5}
 41984 | Vaults:2 | Received a gift from Sif Muna
 41985 | Vaults:2 | Got Sif Muna's Tome of Collective Air {god gift}
 41994 | Vaults:2 | Identified the +3 arbalest of Equilibrium {elec, Fragile
                  | rN+ Will++ Dex+5}
 42187 | Vaults:2 | Found Maunnom's Book Boutique.
 42392 | D:9      | Found a transporter.
 42490 | D:9      | Identified the +1 pair of gloves of Satisfaction {Contam
                  | rC+ Regen+ Stlth+}
 42659 | D:15     | Killed Roxanne
 42726 | Vaults:2 | Noticed Boris
 42733 | Vaults:2 | Killed Boris
 42781 | Vaults:2 | Noticed Zenata
 42797 | Vaults:2 | Killed Zenata
 42990 | Vaults:2 | Reached skill level 15 in Spellcasting
 43389 | Vaults:3 | Found a radiant altar of Vehumet.
 43400 | Vaults:3 | Identified the +0 hat of Whack-A-Mole {rF+ rC+ Regen+
                  | Str+4}
 43414 | Vaults:3 | Identified the +1 robe of Oblivion {rPois rN+ Regen+}
 43579 | Vaults:3 | Noticed Saint Roka
 43592 | Vaults:3 | Killed Saint Roka
 43792 | Vaults:3 | Found a staircase to the Crypt.
 43987 | Vaults:3 | Noticed Boris
 43994 | Vaults:3 | Killed Boris
 44099 | Vaults:3 | Reached XP level 21. HP: 127/127 MP: 21/43
 44403 | Vaults:3 | Received a gift from Sif Muna
 44545 | Vaults:3 | Learned a level 9 spell: Dragon's Call
 44777 | Vaults:4 | Identified the +1 cloak "Kipele" {rN+ Regen+}
 44916 | Vaults:4 | Found Mixku's Jewellery Boutique.
 45833 | Depths:1 | Entered Level 1 of the Depths
 45869 | Depths:1 | Found a blossoming altar of Fedhas.
 45879 | Depths:1 | Got the Omnibus of Feathery Infection
 46098 | Depths:1 | Received a gift from Sif Muna
 46099 | Depths:1 | Got Sif Muna's Incunabulum of Rotting Fulmination {god
                  | gift}
 46106 | Depths:1 | Found a gateway to Hell.
 46223 | Depths:1 | Found the +9 sword of Zonguldrok {reap}
 46681 | Depths:2 | Found a one-way gate leading to the halls of Pandemonium.
 46721 | Depths:2 | Noticed a golden dragon
 46736 | Depths:2 | Killed a golden dragon
 46763 | Depths:2 | Noticed a caustic shrike
 46766 | Depths:2 | Killed a caustic shrike
 46776 | Depths:2 | Reached XP level 22. HP: 132/132 MP: 26/46
 46813 | Depths:2 | Noticed a golden dragon
 46817 | Depths:2 | Killed a golden dragon
 46891 | Depths:2 | Learned a level 6 spell: Dispersal
 47071 | Depths:2 | Found a one-way gateway to a ziggurat.
 47117 | Depths:2 | Received a gift from Sif Muna
 47220 | Depths:2 | Noticed a golden dragon
 47238 | Depths:2 | Killed a golden dragon
 47599 | Depths:3 | Found a one-way gate to the infinite horrors of the Abyss.
 47919 | Depths:3 | Found a transporter.
 47921 | Depths:3 | Found a corrupted altar of Lugonu.
 47922 | Depths:3 | Found a transporter.
 47933 | Depths:3 | Found Qaifu's Distillery.
 47936 | Depths:3 | Bought a potion of heal wounds for 75 gold pieces
 47936 | Depths:3 | Bought a potion of lignification for 45 gold pieces
 47936 | Depths:3 | Bought a potion of invisibility for 120 gold pieces
 47936 | Depths:3 | Bought a potion of resistance for 150 gold pieces
 47936 | Depths:3 | Bought 2 potions of magic for 240 gold pieces
 48566 | Depths:4 | Entered Level 4 of the Depths
 48662 | Depths:4 | Found a gate to the Realm of Zot.
 48662 | Depths:4 | Noticed a golden dragon
 48666 | Depths:4 | Killed a golden dragon
 48672 | Depths:4 | Received a gift from Sif Muna
 48700 | Depths:4 | Noticed Jory
 48727 | Depths:4 | Killed Jory
 48777 | Depths:4 | Noticed a caustic shrike
 48779 | Depths:4 | Noticed a caustic shrike
 48780 | Depths:4 | Noticed a caustic shrike
 48782 | Depths:4 | Killed a caustic shrike
 48784 | Depths:4 | Killed a caustic shrike
 48788 | Depths:4 | Killed a caustic shrike
 48861 | Depths:4 | Reached skill level 15 in Fighting
 48863 | Depths:4 | Reached XP level 23. HP: 121/144 MP: 17/49
 49356 | Depths:4 | Found Fidisops's Blood Bar.
 49398 | Depths:4 | Upgraded the game from 0.30-a0-808-g6e0788376e to
                  | 0.30-a0-824-g6c64550be9
 49714 | Snake:3  | Bought a ring of resist corrosion for 280 gold pieces
 49876 | Slime:1  | Entered Level 1 of the Pits of Slime
 49880 | Slime:1  | Received a gift from Sif Muna
 49954 | Slime:1  | Got Sif Muna's Precepts of Mustering and Glamour {god gift}
 50354 | Slime:5  | Entered Level 5 of the Pits of Slime
 50372 | Slime:5  | Received a gift from Sif Muna
 50387 | Slime:5  | Noticed the Royal Jelly
 50397 | Slime:5  | Killed the Royal Jelly
 50517 | Slime:5  | Found the +7 captain's cutlass {speed, disarm}
 50529 | Slime:5  | Got a slimy rune of Zot
 50530 | Slime:5  | Identified the ring of Desin {rElec rPois rC+ Slay+2}
 50571 | Slime:5  | Identified the +0 kite shield "Xomu" {+Blink rElec rF-
                  | rN+++}
 51052 | Zot:1    | Entered Level 1 of the Realm of Zot
 51080 | Zot:1    | Acquired a Young Poisoner's Handbook
 51091 | Zot:1    | Identified the +9 falchion of Impatience {vamp, rN++ Dex+3}
 51554 | Zot:1    | Noticed a curse toe
 51572 | Zot:1    | Killed a curse toe
 51936 | Zot:2    | You fall into a shaft and drop 2 floors!
 51989 | Zot:4    | Found the +4 dragonskin cloak
 51989 | Zot:4    | Noticed Tiamat
 52019 | Zot:4    | Killed Tiamat
 52020 | Zot:4    | Reached XP level 24. HP: 156/156 MP: 2/49
 52039 | Zot:4    | Received a gift from Sif Muna
 52104 | Zot:4    | Noticed an orb of fire
 52143 | Zot:4    | Killed an orb of fire
 52959 | Zot:5    | Entered Level 5 of the Realm of Zot
 53025 | Zot:3    | Noticed a Killer Klown
 53153 | Zot:3    | Noticed an orb of fire
 53160 | Zot:3    | Gained mutation: You occasionally lose the ability to drink
                  | potions when taking damage. [an orb of fire]
 53205 | Zot:4    | Lost mutation: You occasionally lose the ability to drink
                  | potions when taking damage. [potion of mutation]
 53205 | Zot:4    | Gained mutation: You are agile. (Dex +4, Str/Int -1)
                  | [potion of mutation]
 53205 | Zot:4    | Gained mutation: You have sharp toenails. [potion of
                  | mutation]
 53205 | Zot:4    | Lost mutation: You are agile. (Dex +4, Str/Int -1) [potion
                  | of mutation]
 53266 | Zot:4    | Killed a Killer Klown
 54373 | Zot:4    | Killed an orb of fire
 54373 | Zot:4    | Received a gift from Sif Muna
 54374 | Zot:4    | Got Sif Muna's Precepts of Charming Necromancy {god gift}
 54970 | Zot:2    | Reached skill level 15 in Invocations
 54976 | Zot:2    | Noticed a Killer Klown
 54987 | Zot:2    | Killed a Killer Klown
 55102 | Zot:2    | Reached XP level 25. HP: 163/163 MP: 17/49
 55636 | Vaults:5 | Entered Level 5 of the Vaults
 55756 | Vaults:5 | Reached ****** piety under Sif Muna
 55768 | Vaults:5 | Noticed an ancient lich
 55774 | Vaults:5 | Killed an ancient lich
 55833 | Vaults:5 | Noticed Boris
 55838 | Vaults:5 | Killed Boris
 55856 | Vaults:5 | Received a gift from Sif Muna
 56184 | Vaults:5 | Noticed a dread lich
 56193 | Vaults:5 | Killed a dread lich
 56199 | Vaults:5 | Identified the +7 long sword "Nacwee" {flame, *Noise
                  | Fragile rN+++ Str+3}
 56356 | Vaults:5 | Received a gift from Sif Muna
 56357 | Vaults:5 | Got Mahi Hyle's Almanac of the Twisted Body {god gift}
 56394 | Vaults:5 | Got Yngugos's Lectures on the Destructive Snowflakes
 56424 | Vaults:5 | Identified the ring "Ulaaniso" {rElec Int+6}
 56458 | Vaults:5 | Acquired a book of Changes
 56691 | Vaults:5 | Got a silver rune of Zot
 57176 | Crypt:1  | Entered Level 1 of the Crypt
 57441 | Crypt:1  | Identified the +7 rapier "Utoc" {heavy, Int+4}
 57496 | Crypt:1  | Received a gift from Sif Muna
 57497 | Crypt:1  | Got Sif Muna's Gnosis of the Warlock {god gift}
 57935 | Crypt:1  | Reached XP level 26. HP: 168/168 MP: 35/49
 58306 | Crypt:2  | Identified the +6 broad axe of the Hills {flame, Fly Str+4
                  | Dex-5}
 58380 | Crypt:2  | Received a gift from Sif Muna
 59137 | Crypt:3  | Entered Level 3 of the Crypt
 59143 | Crypt:3  | Received a gift from Sif Muna
 59382 | Crypt:3  | Found a staircase to the Tomb.
 59486 | Crypt:3  | Received a gift from Sif Muna
 59698 | Crypt:3  | Found an ancient bone altar of Kikubaaqudgha.
 60034 | Crypt:3  | Found an ancient bone altar of Kikubaaqudgha.
 60037 | Crypt:3  | Found a basalt altar of Yredelemnul.
 60041 | Crypt:3  | Found the +5 consecrated labrys {holy, Valiant Fragile Fly
                  | SInv}
 60133 | Crypt:3  | Found the +2 shield of Resistance {rF++ rC++ Will++}
 60155 | Crypt:3  | Identified the +5 sling of Teud {speed, Drain Int+4}
 60156 | Crypt:3  | Identified the +9 plate armour "Niwot" {Regen+ Dex+3
                  | Stlth+}
 60840 | Zot:5    | Noticed an orb of fire
 60842 | Zot:5    | Gained mutation: You sometimes lose your temper in combat.
                  | [an orb of fire]
 60855 | Zot:5    | Killed an orb of fire
 60930 | Zot:5    | Identified the +0 buckler of Distant Shores {-Tele Harm
                  | Regen+ Str+3}
 61009 | Zot:5    | Noticed a dread lich
 61014 | Zot:5    | Killed a dread lich
 61016 | Zot:5    | Noticed an orb of fire
 61017 | Zot:5    | Gained mutation: Your body sometimes deteriorates upon
                  | taking damage. [an orb of fire]
 61042 | Zot:5    | Killed an orb of fire
 61138 | Zot:5    | Noticed an orb of fire
 61145 | Zot:5    | Killed an orb of fire
 61151 | Zot:5    | Reached XP level 27. HP: 147/173 MP: 35/49
 61175 | Zot:5    | Noticed a dread lich
 61181 | Zot:5    | Identified the +6 dagger "Hetwafod" {distort, rC+ Str+7}
 61188 | Zot:5    | Killed a dread lich
 61212 | Zot:5    | Received a gift from Sif Muna
 61220 | Zot:5    | Noticed an orb of fire
 61220 | Zot:5    | Gained mutation: Armour fits poorly on your strangely
                  | shaped body. [an orb of fire]
 61229 | Zot:5    | Gained mutation: You have an uncontrollable temper. [an orb
                  | of fire]
 61235 | Zot:5    | Killed an orb of fire
 61260 | Zot:5    | Noticed an ancient lich
 61267 | Zot:5    | Killed an ancient lich
 61508 | Depths:3 | Voluntarily entered the Abyss.
 61559 | Depths:3 | Escaped the Abyss
 61561 | Depths:3 | Voluntarily entered the Abyss.
 61724 | Depths:3 | Escaped the Abyss
 61725 | Depths:3 | Lost mutation: Armour fits poorly on your strangely shaped
                  | body. [potion of mutation]
 61725 | Depths:3 | Lost mutation: You have sharp toenails. [potion of
                  | mutation]
 61725 | Depths:3 | Lost mutation: Your body sometimes deteriorates upon taking
                  | damage. [potion of mutation]
 61725 | Depths:3 | Gained mutation: Your mind is acute. (Int +4, Str/Dex -1)
                  | [potion of mutation]
 61725 | Depths:3 | Gained mutation: You are robust. (+10% HP) [potion of
                  | mutation]
 61727 | Depths:3 | Voluntarily entered the Abyss.
 61774 | Abyss:3  | Reached skill level 10 in Shields
 61912 | Depths:3 | Escaped the Abyss
 61939 | Depths:3 | Voluntarily entered the Abyss.
 62035 | Abyss:4  | Received a gift from Sif Muna
 62042 | Depths:3 | Escaped the Abyss
 62052 | Depths:3 | Voluntarily entered the Abyss.
 62056 | Abyss:4  | Found a corrupted altar of Lugonu.
 62098 | Abyss:4  | Found a corrupted altar of Lugonu.
 62137 | Abyss:5  | Found a shimmering altar of Xom.
 62217 | Abyss:5  | Got an abyssal rune of Zot
 62263 | Depths:3 | Escaped the Abyss
 62470 | Zot:5    | Got the Orb of Zot
 62697 | Depths:1 | Noticed Paraef the pandemonium lord
 62701 | D:15     | Noticed Wihasch the pandemonium lord
 62715 | D:15     | Killed Wihasch the pandemonium lord
 62805 | D:13     | Noticed Cer Wocone the pandemonium lord
 62809 | D:13     | Killed Cer Wocone the pandemonium lord
 62825 | D:13     | Noticed Elyusaith the pandemonium lord
 62851 | D:13     | Killed Elyusaith the pandemonium lord
 63131 | D:$      | Escaped with the Orb!

Illustrated notes

Levels and vault maps discovered:
D:1:      minmay_arrival_semitransparent, layout_loops_corners,
          chequers_ecumenical_altar_simple_redux
D:2:      cheibrodos_fertilizer, layout_basic
D:3:      layout_loops_ring, corner_web_ring, uniq_ijyb, uniq_terence,
          uniq_crazy_yiuf_cottage, uniq_natasha
D:4:      layout_basic, grunt_decor_arrowhead, kennysheep_small_square,
          uniq_robin
D:5:      layout_basic
D:6:      layout_cave_pools, nicolae_ru_path_of_blood,
          nemelex_xobeh_ov_fountains_minmay, minitemple,
          minmay_temple_entry_slanted, uniq_eustachio
D:7:      layout_loops_ring, lemuel_tele_altar, serial_shops, kennysheep_mini,
          hellmonk_ghost_happy_afterlife, feat_on_display
D:8:      layout_loops_cross, nicolae_diode_stairs
D:9:      gammafunk_the_bubble [the_bubble_gammafunk_plus_minus],
          layout_irregular_city, david_orc_1_choice, serial_column_ruins,
          column_ruins_grid_2, column_ruins_columns_straight,
          column_ruins_open_small, column_ruins_columns_straight,
          column_ruins_open_medium
D:10:     layout_loops_corners, lair_entry_dummy, minivault_8
D:11:     layout_rooms, special_room [special_room_orc], uniq_lodul
D:12:     layout_loops_cross, uniq_kirke
D:13:     hellmonk_crumbling_castle, layout_loops_cross, grunt_ministairs_12,
          minmay_crystal_water
D:14:     layout_basic, ximxim_vaults_locker_room, serial_shops, shop_statue
D:15:     hangedman_depths_entry_try_elsewhere_first, layout_stronghold,
          cheibriados_altar_1, uniq_nessos, uniq_roxanne, uniq_azrael
Lair:1:   layout_regular_city, grunt_forest_small_clearing_treed,
          serial_bayou_shore_a, grunt_megastairs_5
Lair:2:   layout_roguey, elwin_shoals_entry_stream,
          nicolae_snake_entry_warm_welcome, gammafunk_ghost_wrathful_warriors
Lair:3:   layout_misc_corridors, uniq_amaemon
Lair:4:   layout_hall_layers, slime_entry_2
Lair:5:   guppyfry_lair_end_dragon, layout_small_grid
Shoals:1: layout_shoals
Shoals:2: layout_shoals, serial_shops, shop, nicolae_shoals_hunting_party
Shoals:3: layout_shoals, serial_shops, nicolae_shop_bloodbath_and_beyond, shop,
          nicolae_shop_statue_plus, nicolae_shop_trees, shop
Shoals:4: shoals_end_hangedman, layout_shoals
Snake:1:  layout_gridlike, portal_ice_cave_entry_pillars_three
Snake:2:  layout_concentric_octagons, uniq_vashnia, uniq_mlioglotl
Snake:3:  layout_rooms, serial_shops, nicolae_stop_n_shop_2,
          nicolae_shop_firing_range, minmay_shop_grove
Snake:4:  grunt_snake_rune_serpentine_throne, layout_rooms,
          nicolae_snake_guarding_the_ruins, serial_bayou_shore_b
Slime:1:  layout_caves
Slime:2:  layout_caves
Slime:3:  layout_caves
Slime:4:  layout_caves
Slime:5
Orc:1:    layout_diamond_mine, elf_legates
Orc:2:    grunt_orc_tribal_feast, layout_diamond_mine, gammafunk_ghost_grave,
          mines5_lemuel, uniq_snorg, uniq_sonja
Elf:1:    layout_geoelf_diagonals, serial_shops, nicolae_shop_window_shopping,
          ebering_ghost_inner_flame, minmay_elf_crystal_hexagon, st_stairs_11,
          grunt_megastairs_1
Elf:2:    nicolae_elf_blades_crystal_corner, layout_onion_city,
          einodemon_armed_red_devil_minivault
Vaults:1: nicolae_vaults_circle_grid_b, v_misc_26,
          nicolae_vaults_little_squares_2, nicolae_vaults_little_squares_3,
          ontoclasm_vaults_eye, v_misc_3, minmay_guarded_unrand_guard_vaults,
          hangedman_vaults_stretched_pinwheel, layout_vaults_omnicross,
          serial_shops, nicolae_diamond_shop, shop_coins
Vaults:2: dpeg_vaults_monster_row, grunt_vaults_twisty, serial_ice_g,
          nicolae_vaults_yaktaur_gun_rack, grunt_vaults_diagonal,
          hangedman_vaults_corner_blocks, grunt_vaults_funnel,
          ontoclasm_vaults_ring_small, layout_vaults_omnigrid, serial_shops,
          shop, uniq_boris, uniq_zenata
Vaults:3: grunt_tower_of_power, v_misc_19, minmay_crypt_entry_simple_walls,
          vaults_dpeg_diagonal, vaults_standard_mumra_lines, serial_ice_m,
          nicolae_vaults_network_periphery, nicolae_vaults_little_squares_1,
          v_misc_33, ontoclasm_vaults_misaligned, vaults_dpeg_hooks,
          vaults_dpeg_emergency_exit, layout_vaults_maze_snakey, uniq_saint_roka
Vaults:4: v_alt_pattern_1, grunt_vaults_hallway_short, vaults_room_pool,
          nicolae_vaults_diagonal_hallway_6, v_misc_15, v_misc_29, v_misc_5,
          vaults_mumra_minichess, nicolae_vaults_rhombus_5,
          layout_vaults_chaotic_city, serial_shops,
          nicolae_shop_advertising_works [nicolae_subvault_shop_adworks]
Vaults:5
Crypt:1:  layout_misc_corridors, lemuel_upstairs_altar
Crypt:2:  layout_chaotic_city, st_chilly_death
Crypt:3:  lightli_unholy_cathedral, layout_chaotic_city,
          tomb_entry_forgotten_bobbens, weyrava_vampire_temple
Depths:1: layout_honeycomb, hellmouth_2, hangedman_abyss_or_decor_stagger,
          nrook_loot_triangle, fedhas_altar_1
Depths:2: nicolae_fronds_of_death, layout_basic, enter_ziggurat_d,
          rand_demon_pan_entry_3, pf_hell_entry_great_geh,
          minmay_staircase_windowed_small
Depths:3: gammafunk_corrupted_shrine, layout_gridville, abyss_entry,
          serial_shops, nicolae_shop_behind_doors, hell_entry,
          serial_bayou_shore_b, minmay_staircase_statues_hall_large
Depths:4: grunt_zot_entry_funnels, layout_cave_pools, hell_entry,
          minmay_misc_feat_secret_circle, chequers_serial_rivers_micro_c,
          guppyfry_shop_blood, uniq_jory
Zot:1:    layout_twisted_circle, grunt_megastairs_3
Zot:2:    kennysheep_bubbly, layout_onion_interference
Zot:3:    layout_onion_interference, st_stairs_7
Zot:4:    kennysheep_blocky_room, layout_misc_corridors, zot_minivault_1,
          uniq_tiamat
Zot:5:    layout_basic

Skill      XL: |  1  2  3  4  5  6  7  8  9 10 11 12 13 14 15 16 17 18 19 20 21 22 23 24 25 26 27 |
---------------+----------------------------------------------------------------------------------+-----
Stealth        | 3 5 7 8 |  8.0
Summonings     | 5 6 7 9 10 14 17 19 21 22 23 26 | 26.0
Hexes          | 2 3 4 |  4.0
Spellcasting   | 4 6 9 12 13 14 16 18 20 | 20.4
Air Magic      | 1 4 6 |  6.0
Fighting       | 1 3 7 8 9 10 12 15 17 18 | 18.0
Invocations    | 4 6 10 12 15 21 26 | 26.1
Dodging        | 5 6 9 11 15 17 20 | 20.0
Armour         | 3 5 6 |  6.4
Evocations     | 3 4 |  4.0
Shields        | 6 7 13 | 13.1
Translocations | 4 6 11 | 11.0
Necromancy     | 4 11 | 11.0
Earth Magic    | 3 7 |  7.0

Action                     |  1- 3 |  4- 6 |  7- 9 | 10-12 | 13-15 | 16-18 | 19-21 | 22-24 | 25-27 || total
---------------------------+-------+-------+-------+-------+-------+-------+-------+-------+-------++-------
  Melee: Whip              |     3 |     9 |     5 |     8 |       |       |       |       |       ||    25
         Staff             |       |       |       |     3 |    25 |    10 |     3 |    13 |     5 ||    59
         Demon whip        |       |       |       |       |    20 |       |       |       |       ||    20
         Lance             |       |       |       |       |       |       |       |       |    25 ||    25
  Throw: Dart              |       |     1 |       |       |     2 |       |       |       |       ||     3
   Cast: Summon Small Mamm |    26 |    11 |       |       |       |       |       |       |       ||    37
         Call Imp          |     4 |    20 |    10 |     1 |       |       |       |       |       ||    35
         Call Canine Famil |     2 |    28 |    34 |    52 |     7 |       |       |       |       ||   123
         Summon Guardian G |       |     6 |    15 |     9 |       |       |       |       |       ||    30
         Summon Lightning  |       |     1 |    40 |    77 |    15 |       |       |       |       ||   133
         Summon Cactus Gia |       |       |       |    14 |    14 |       |       |       |       ||    28
         Monstrous Menager |       |       |       |     2 |    65 |    33 |     5 |       |       ||   105
         Summon Hydra      |       |       |       |       |   147 |   237 |   100 |       |       ||   484
         Swiftness         |       |       |       |       |     1 |     1 |       |       |       ||     2
         Ignition          |       |       |       |       |     1 |       |       |     1 |       ||     2
         Sublimation of Bl |       |       |       |       |    40 |    84 |   135 |   156 |   129 ||   544
         Summon Forest     |       |       |       |       |     8 |    17 |     7 |     6 |     2 ||    40
         Maxwell's Capacit |       |       |       |       |       |     1 |       |       |       ||     1
         Summon Horrible T |       |       |       |       |       |     4 |    19 |    21 |    18 ||    62
         Summon Mana Viper |       |       |       |       |       |     2 |     6 |     1 |     1 ||    10
         Borgnjor's Vile C |       |       |       |       |       |       |   247 |   218 |   277 ||   742
         Haunt             |       |       |       |       |       |       |   101 |     9 |     9 ||   119
         Malign Gateway    |       |       |       |       |       |       |    14 |    21 |    17 ||    52
         Dragon's Call     |       |       |       |       |       |       |    14 |    47 |    47 ||   108
         Blink             |       |       |       |       |       |       |       |     2 |       ||     2
 Invoke: Channel Magic     |       |       |       |       |     5 |     4 |     2 |       |       ||    11
         Divine Exegesis   |       |       |       |       |     1 |     1 |       |     1 |       ||     3
         Forget Spell      |       |       |       |       |       |     1 |     1 |       |       ||     2
  Evoke: Wand              |       |       |     3 |     1 |     7 |       |       |     1 |     2 ||    14
         Phial of floods   |       |       |       |       |       |       |     1 |       |       ||     1
         Condenser vane    |       |       |       |       |       |       |       |     1 |     5 ||     6
         Tin of tremorston |       |       |       |       |       |       |       |       |     2 ||     2
         Lightning rod     |       |       |       |       |       |       |       |       |     2 ||     2
    Use: Scroll            |       |     1 |     7 |    18 |    15 |     8 |     4 |    11 |     8 ||    72
         Potion            |       |     1 |     2 |       |     1 |     5 |     6 |    10 |     8 ||    33
   Stab: Distracted        |     1 |       |       |       |       |       |       |     2 |     2 ||     5
         Paralysed         |       |       |     1 |       |     5 |       |       |       |       ||     6
         Sleeping          |       |       |       |       |     1 |       |       |       |       ||     1
         Invisible         |       |       |       |       |       |       |       |     1 |       ||     1
 Armour: Robe              |     1 |     2 |       |       |       |       |       |       |       ||     3
         Leather armour    |       |       |     1 |    13 |     7 |       |       |       |       ||    21
         Troll leather arm |       |       |       |       |    82 |    47 |    38 |    80 |   161 ||   408
  Dodge: Dodged            |     4 |    16 |    18 |    59 |   280 |   128 |   119 |   163 |   349 ||  1136
  Block: Buckler           |       |       |       |       |    72 |    56 |    52 |    84 |   106 ||   370
         Kite shield       |       |       |       |       |       |       |       |       |   122 ||   122

Table legend: (Time is in decaauts)
 A = Elapsed time spent in this place.
 B = Non-inter-level travel time spent in this place.
 C = Inter-level travel time spent in this place.
 D = Time resting spent in this place.
 E = Time spent auto-exploring this place.
 F = Levels seen in this place.
 G = Mean time per level.
                   A        B        C        D        E       F      G
               +--------+--------+--------+--------+--------+-----+--------+
         Total |  63245 |  56378 |   6867 |   4323 |  30501 |  64 |  988.2 |
       Dungeon |  21107 |  18270 |   2837 |   1312 |  11786 |  15 | 1407.1 |
          Lair |   5082 |   4253 |    829 |    467 |   2635 |   5 | 1016.4 |
        Shoals |   4061 |   3899 |    162 |    332 |   1648 |   4 | 1015.2 |
     Snake Pit |   4079 |   3583 |    496 |    222 |   1414 |   4 | 1019.8 |
    Slime Pits |    736 |    676 |     60 |     59 |    179 |   5 |  147.2 |
  Orcish Mines |   2210 |   1952 |    258 |    304 |    506 |   2 | 1105.0 |
   Elven Halls |   3020 |   2857 |    163 |    178 |   1844 |   2 | 1510.0 |
        Vaults |   7900 |   7363 |    537 |    506 |   3947 |   5 | 1580.0 |
         Crypt |   2904 |   2726 |    178 |     10 |   1592 |   3 |  968.0 |
        Depths |   4099 |   3532 |    567 |     63 |   2010 |   4 | 1024.8 |
           Zot |   5580 |   4804 |    776 |    135 |   2635 |   5 | 1116.0 |
         Abyss |    724 |    724 |      0 |      0 |      0 |   9 |   80.4 |
      Ice Cave |   1740 |   1740 |      0 |    735 |    304 |   1 | 1740.0 |
               +--------+--------+--------+--------+--------+-----+--------+

Top non-repeatable levels by time:
   Zot:4: 2436 daAuts
     D:9: 2272 daAuts
    D:15: 2106 daAuts
    D:10: 1931 daAuts
Vaults:1: 1919 daAuts
     D:3: 1858 daAuts
  Lair:2: 1748 daAuts
Vaults:3: 1743 daAuts
   IceCv: 1740 daAuts
   Orc:2: 1620 daAuts
Vaults:2: 1589 daAuts
     D:8: 1540 daAuts
   Elf:2: 1521 daAuts
Vaults:5: 1499 daAuts
   Elf:1: 1498 daAuts
